 Dungeon Crawl Stone Soup version 0.31-a0-691-g409c26aa35 (webtiles) character file.

Game seed: 871289072318020985

9091 cforsyth the Fighter (level 11, -55/89 HPs)
             Began as a Djinni Chaos Knight on Sept 6, 2023.
             Was a Plaything of Xom.
             Killed from afar by Gastronok the shard shrike (82 damage)
             ... with a shard of ice
             ... on level 11 of the Dungeon.
             The game lasted 00:25:12 (11792 turns).

cforsyth the Fighter (Djinni Chaos Knight)         Turns: 11792, Time: 00:25:12

Health: -55/89     AC:  8    Str:  7    XL:     11   Next: 67%
Gold:   491        EV: 11    Int: 19    God:    Xom [*.....] SH:  5 Dex: 12

rFire   + + .        C - +6 flail of Wondrous Power {heavy, Will+}
rCold   x . .        B - +0 buckler
rNeg    . . .        o - +3 leather armour "Ziorosiv" {rPois Regen+ Str-4}
rPois   ∞            K - +1 helmet {SInv}
rElec   .            (no cloak)
rCorr   .            (no gloves)
SInv    +            (boots unavailable)
Will    ++...        (no amulet)
Stlth   +            (no ring)
HPRegen 1.14/turn    (no ring)
MPRegen 0.00/turn

%: infuse magic (-56 HP)
@: flying
A: sickness immunity, fire resistance 2, cold vulnerability 1, float, innate
caster, HP casting, extra vitality 1, deterioration 1, inability to drink after
injury 2
a: Renounce Religion


You were on level 11 of the Dungeon.
You worshipped Xom.
You were a special plaything of Xom.
You visited 1 branch of the dungeon, and saw 11 of its levels.

You collected 678 gold pieces.
You spent 187 gold pieces at shops.

Inventory:

Hand Weapons
 a - a +0 falchion of chaos
 g - a +2 dagger of venom
 C - the +6 flail of Wondrous Power (weapon) {heavy, Will+}
   (You bought it in a shop on level 3 of the Dungeon)

   Will+:     It increases your willpower.
Missiles
 l - 3 throwing nets
Armour
 b - a +2 leather armour
 o - the +3 leather armour "Ziorosiv" (worn) {rPois Regen+ Str-4}
   (You found it on level 2 of the Dungeon)

   Str-4:     It affects your strength (-4).
   rPois:     It protects you from poison Regen+: It increases your rate of
   health regeneration.
 y - a +0 helmet
 B - a +0 buckler (worn)
 K - a +1 helmet of see invisible (worn)
 M - a +1 plate armour of cold resistance
 N - the +7 chain mail of Fuamotuv {+Blink +Inv rElec Str-5}
   (You took it off an orc warrior on level 9 of the Dungeon)

   Str-5:     It affects your strength (-5).
   rElec:     It insulates you from electricity.
   +Inv:      It lets you turn invisible.
   +Blink:    It lets you blink.
Jewellery
 d - a ring of protection from fire
 j - a ring of fire
 J - an amulet of reflection
Wands
 n - a wand of polymorph (26)
 D - a wand of flame (28)
Scrolls
 e - 3 scrolls of fear {unknown}
 i - 3 scrolls of enchant weapon {unknown}
 k - a scroll of fog {unknown}
 m - 2 scrolls of revelation {unknown}
 q - 3 scrolls of poison {unknown}
 r - 4 scrolls of immolation {unknown}
 s - 8 scrolls of teleportation
 t - 5 scrolls of enchant armour {unknown}
 E - a scroll of amnesia {unknown}
 F - a scroll of noise {unknown}
 H - a scroll of blinking {unknown}
 I - a scroll of brand weapon {unknown}
 L - a scroll of vulnerability {unknown}
Potions
 f - 5 potions of curing
 h - 2 potions of brilliance
 p - a potion of haste
 u - a potion of might {unknown}
 v - a potion of ambrosia {unknown}
 w - 2 potions of cancellation
 x - 4 potions of lignification
 z - 2 potions of mutation
 A - 2 potions of heal wounds
 G - a potion of magic {unknown}


   Skills:
 + Level 12.3 Fighting
 - Level 2.9 Long Blades
 - Level 1.4 Armour
 - Level 2.5 Dodging
 - Level 5.0 Shields
 + Level 8.6 Spellcasting
 + Level 8.6 Conjurations
 + Level 8.6 Hexes
   Level 0.0 Charms
 + Level 8.6 Summonings
 + Level 8.6 Necromancy
 + Level 8.6 Translocations
 + Level 8.6 Transmutations
 + Level 8.6 Fire Magic
 + Level 8.6 Ice Magic
 + Level 8.6 Air Magic
 + Level 8.6 Earth Magic
 + Level 8.6 Poison Magic


You knew the following spells:

 Your Spells              Type           Power      Damage    Failure   Level
a - Shock                 Conj/Air       100%       1d9       1%          1
b - Ensorcelled Hibernat  Hex/Ice        82%        N/A       1%          2
c - Inner Flame           Hex/Fire       41%        N/A       1%          3
d - Summon Ice Beast      Ice/Summ       41%        N/A       5%          4
e - Fireball              Conj/Fire      20%        3d10      16%         5
Your spell library was empty.

Dungeon Overview and Level Annotations

Branches:
Dungeon (11/15)            Temple (0/1) D:7             Orc (0/2) D:11
   Lair: D:8-11

Altars:
Elyvilon
Fedhas
Hepliaklqana
Makhleb
Okawaru
Ru
Yredelemnul
Zin
The Shining One

Shops:
D:3 (   D:7 ?

Annotations:
D:11 Gastronok


Innate Abilities, Weirdness & Mutations

You are immune to sickness and miasma.
You are immune to poison.
Your flesh is very heat resistant. (rF++)
You are vulnerable to cold. (rC-)
You float through the air rather than walking.
You learn spells naturally, not from books.
Your magical power is your life essence.
You have superior vitality. (+4 MHP)
Your body sometimes deteriorates upon taking damage.
You sometimes lose the ability to drink potions when taking damage.


Message History

The air twists around and strikes you!!
Unknown command.
Unknown command.
Unknown command.
Casting: Fireball (dangerous; 16% risk of failure)
Confirm with . or Enter, or press ? or * to list all spells.
Aiming: Fireball (dangerous; 16% risk of failure)
Press: ? - help, Shift-Dir - straight line, f - Gastronok
Aim: Gastronok, wearing a +2 hat (flame, heavily wounded, inner flame, covering ground quickly)
The fireball explodes!
The fireball engulfs Gastronok!!
Flame seeps out of Gastronok.
Gastronok is heavily wounded.
Casting: Fireball (dangerous; 16% risk of failure)
Confirm with . or Enter, or press ? or * to list all spells.
Aiming: Fireball (dangerous; 16% risk of failure)
Press: ? - help, Shift-Dir - straight line, f/p - Gastronok
Aim: Gastronok, wearing a +2 hat (flame, heavily wounded, inner flame, covering ground quickly)
The fireball explodes!
The fireball engulfs Gastronok!
Flame seeps out of Gastronok.
Gastronok is severely wounded.
Gastronok is engulfed in blazing flames.
Flame seeps out of Gastronok.
Casting: Fireball (dangerous; 16% risk of failure)
Confirm with . or Enter, or press ? or * to list all spells.
Aiming: Fireball (dangerous; 16% risk of failure)
Press: ? - help, Shift-Dir - straight line, f/p - Gastronok
Aim: Gastronok, wearing a +2 hat (severely wounded, inner flame, covering ground quickly)
The fireball explodes!
The fireball engulfs Gastronok!
Flame seeps out of Gastronok.
Gastronok is almost dead.
* * * LOW HITPOINT WARNING * * *
"Hum-dee-hum-dee-hum..."
Gastronok evaporates and reforms as a shard shrike!
Gastronok is engulfed in blazing flames.
Gastronok spits a shard of ice at you. The shard of ice hits you!!!!
You feel a painful chill!
Xom thinks this is hilarious!
Ouch! That really hurt!
You die...
Xom chuckles heartily!

.#.........'........#
.#.........#........#
##.........#........#
...........#......###
........####......#
...####†#.........#
####..#.#.........########
......#)#................#
......#)##......@........#
......#))#...............#
......+))#...............#
#######..###.......b.....#
...........#.............#
§..........#.............#
§l.........#.............#
§..........#.............#
#######....#.............#


You could see Gastronok the shard shrike (catching breath).

Vanquished Creatures
  A boulder beetle (D:11)
  The ghost of Pokonic1 the Fighter, a novice DsFi of Yredelemnul (D:9)
  A cyclops (D:11)
  A manticore (D:11)
  An unseen horror (D:10)
  2 trolls
  4 wyverns
  A wraith (D:11)
  4 yaks
  A vampire (D:11)
  A basilisk (D:11)
  2 vampire mosquitoes (D:10)
  Edmund (D:5)
  A water moccasin (D:7)
  8 orc warriors
  Duvessa (D:5)
  2 sky beasts (D:7)
  An ogre (D:5)
  The ghost of osoart the Changeling, an amateur DsSh (D:3)
  7 centaurs
  4 kobold brigands
  2 phantoms
  4 bullfrogs
  Blork the orc (D:6)
  2 scorpions
  2 gnoll sergeants (D:10)
  A wight (D:8)
  Dowan (D:5)
  6 killer bees (D:11)
  2 howler monkeys
  3 orc priests
  2 jellies
  4 hounds
  4 sleepcaps
  4 gnoll boudas
  An iguana (D:5)
  8 orc wizards
  23 gnolls
  A river rat (D:3)
  5 adders
  A shadow imp (D:5)
  A white imp (D:8)
  2 ufetubi (D:5)
  3 dart slugs
  31 orcs
  9 ball pythons
  8 endoplasms
  4 giant cockroaches
  15 hobgoblins
  5 jackals
  6 quokkas
  10 bats
  4 frilled lizards
  9 goblins
  18 kobolds
  4 rats
252 creatures vanquished.

Vanquished Creatures (collateral kills)
  A sky beast (D:6)
  A gnoll (D:4)
2 creatures vanquished.

Grand Total: 254 creatures vanquished

Notes
Turn   | Place    | Note
-------+----------+-------------------------------------------
     0 | D:1      | cforsyth the Djinni Chaos Knight began the quest for the
                  | Orb.
     0 | D:1      | Reached XP level 1. HP: 20/20 MP: 0/0
     1 | D:1      | XOM: silly message
   174 | D:1      | Reached XP level 2. HP: 23/25 MP: 0/0
   267 | D:1      | XOM: divination: magic mapping
   319 | D:1      | XOM: noise
   383 | D:1      | XOM: silly message
   522 | D:1      | Reached XP level 3. HP: 26/30 MP: 0/0
   522 | D:1      | Learned a level 1 spell: Shock
   700 | D:1      | XOM: divination: detect creatures
   765 | D:1      | XOM: divination: detect creatures
   872 | D:1      | XOM is BORED!
   872 | D:1      | XOM: noise
  1192 | D:2      | Reached skill level 1 in Spellcasting
  1192 | D:2      | Reached skill level 1 in Conjurations
  1192 | D:2      | Reached skill level 1 in Hexes
  1192 | D:2      | Reached skill level 1 in Summonings
  1192 | D:2      | Reached skill level 1 in Necromancy
  1192 | D:2      | Reached skill level 1 in Translocations
  1192 | D:2      | Reached skill level 1 in Transmutations
  1192 | D:2      | Reached skill level 1 in Fire Magic
  1192 | D:2      | Reached skill level 1 in Ice Magic
  1192 | D:2      | Reached skill level 1 in Air Magic
  1192 | D:2      | Reached skill level 1 in Earth Magic
  1192 | D:2      | Reached skill level 1 in Poison Magic
  1253 | D:2      | Identified the +3 leather armour "Ziorosiv" {rPois Regen+
                  | Str-4}
  1352 | D:2      | Found a white marble altar of Elyvilon.
  1377 | D:2      | Reached XP level 4. HP: 32/36 MP: 0/0
  1423 | D:2      | XOM: cloud trail
  1780 | D:3      | Found a sacrificial altar of Ru.
  1797 | D:3      | Reached skill level 4 in Fighting
  1801 | D:3      | Reached XP level 5. HP: 41/41 MP: 0/0
  1801 | D:3      | Learned a level 2 spell: Ensorcelled Hibernation
  1896 | D:3      | Found Geyraahi's Antique Weapon Boutique.
  1926 | D:3      | XOM: silly message
  2031 | D:3      | Found a runed translucent door.
  2035 | D:3      | Noticed osoart's ghost (amateur DsSh)
  2264 | D:3      | Found a runed translucent door.
  2393 | D:4      | XOM: stealth player
  2479 | D:4      | Found a glowing silver altar of Zin.
  2503 | D:4      | Noticed a phantom
  2520 | D:4      | XOM: silly message
  2540 | D:4      | Killed a phantom
  2541 | D:4      | Reached XP level 6. HP: 32/48 MP: 0/0
  2671 | D:4      | XOM: summons friendly quasit
  2675 | D:4      | Reached skill level 5 in Fighting
  2842 | D:3      | XOM: confusion (+ monsters)
  3170 | D:5      | Entered Level 5 of the Dungeon
  3210 | D:5      | XOM: summons 4 hostile demons
  3279 | D:5      | XOM: cast spell 'Discord'
  3288 | D:5      | Reached XP level 7. HP: 38/54 MP: 0/0
  3288 | D:5      | Learned a level 3 spell: Inner Flame
  3320 | D:5      | Found an iron altar of Okawaru.
  3437 | D:5      | Noticed Duvessa
  3442 | D:5      | Killed Duvessa
  3443 | D:5      | Reached skill level 6 in Fighting
  3459 | D:5      | Noticed Dowan
  3514 | D:5      | XOM: silly message
  3640 | D:5      | Noticed Edmund
  3655 | D:5      | Killed Edmund
  3656 | D:5      | Reached XP level 8. HP: 14/62 MP: 0/0
  4062 | D:5      | XOM: silly message
  4156 | D:5      | Killed Dowan
  4301 | D:5      | XOM: cloud trail
  4407 | D:6      | Noticed Blork the orc
  4412 | D:6      | Killed Blork the orc
  4413 | D:6      | Reached skill level 7 in Fighting
  4432 | D:6      | Found a blossoming altar of Fedhas.
  4622 | D:6      | Noticed a wyvern
  4627 | D:6      | Killed a wyvern
  4628 | D:6      | Reached skill level 5 in Spellcasting
  4628 | D:6      | Reached skill level 5 in Conjurations
  4628 | D:6      | Reached skill level 5 in Hexes
  4628 | D:6      | Reached skill level 5 in Summonings
  4628 | D:6      | Reached skill level 5 in Necromancy
  4628 | D:6      | Reached skill level 5 in Translocations
  4628 | D:6      | Reached skill level 5 in Transmutations
  4628 | D:6      | Reached skill level 5 in Fire Magic
  4628 | D:6      | Reached skill level 5 in Ice Magic
  4628 | D:6      | Reached skill level 5 in Air Magic
  4628 | D:6      | Reached skill level 5 in Earth Magic
  4628 | D:6      | Reached skill level 5 in Poison Magic
  4628 | D:6      | Reached XP level 9. HP: 70/70 MP: 0/0
  4628 | D:6      | Learned a level 4 spell: Summon Ice Beast
  4664 | D:6      | Reached skill level 8 in Fighting
  4821 | D:6      | Found a basalt altar of Yredelemnul.
  4821 | D:6      | Found a glowing golden altar of the Shining One.
  4879 | D:6      | Found a burning altar of Makhleb.
  4882 | D:6      | Found a white marble altar of Elyvilon.
  5133 | D:3      | XOM: god gift: scroll labelled COHIDO JYXTOTIDA {god gift}
  5143 | D:3      | Bought a brightly glowing flail for 187 gold pieces
  5143 | D:3      | Identified the +6 flail of Wondrous Power {heavy, Will+}
                  | (You bought it in a shop on level 3 of the Dungeon)
  5173 | D:3      | Killed osoart's ghost
  5467 | D:7      | Reached skill level 1 in Shields
  5518 | D:7      | Found Sithoma's Magic Scroll Shop.
  5650 | D:7      | XOM: divination: detect creatures
  5706 | D:7      | Found a staircase to the Ecumenical Temple.
  5774 | D:7      | XOM: silly message
  5779 | D:7      | XOM: cloud trail
  6026 | D:7      | XOM: divination: detect creatures
  6188 | D:7      | XOM: silly message
  6289 | D:8      | Reached skill level 9 in Fighting
  6387 | D:8      | XOM: silly message
  6423 | D:8      | XOM: noise
  6498 | D:8      | Found a transporter.
  6498 | D:8      | Found a transporter.
  6500 | D:8      | Found a transporter.
  6580 | D:8      | Found a transporter.
  6653 | D:8      | Reached XP level 10. HP: 76/78 MP: 0/0
  7160 | D:9      | Found a hazy altar of Hepliaklqana.
  7324 | D:9      | Found a runed translucent gate.
  7324 | D:9      | Identified the +7 chain mail of Fuamotuv {+Blink +Inv rElec
                  | Str-5}
  7326 | D:9      | Found a runed translucent gate.
  7326 | D:9      | Noticed Pokonic1's ghost (novice DsFi)
  7327 | D:9      | Found a runed translucent gate.
  7418 | D:9      | XOM: chaos upgrade
  7420 | D:9      | XOM: polymorph orc warrior -> scorpion
  7482 | D:9      | Reached skill level 5 in Shields
  7532 | D:9      | XOM: summons 2 hostile demons
  7621 | D:9      | Reached skill level 10 in Fighting
  7739 | D:9      | XOM: 2-stop teleportation journey
  7752 | D:10     | Entered Level 10 of the Dungeon
  7944 | D:10     | Killed an unseen horror
  8341 | D:10     | XOM: summons 6 hostile demons
  8342 | D:10     | Noticed a soul eater
  8362 | D:10     | HP: 2/81 [soul eater[Xom] (19)]
  8653 | D:10     | XOM: give mutations
  8653 | D:10     | Gained mutation: You have hidden genetic defects. [Xom's
                  | mischief]
  8653 | D:10     | Gained mutation: Your body sometimes deteriorates upon
                  | taking damage. [Xom's mischief]
  8653 | D:10     | Gained mutation: You have terrible hidden genetic defects.
                  | [Xom's mischief]
  8653 | D:10     | Lost mutation: You have terrible hidden genetic defects.
                  | [Xom's mischief]
  9437 | D:9      | XOM: chaos upgrade
  9834 | D:9      | XOM: stat loss: -1 Dex (11/12)
  9865 | D:9      | XOM: stat loss: -1 Dex (10/12)
 10198 | D:9      | XOM: summons 6 hostile demons
 10430 | D:9      | XOM: cloud trail
 10460 | D:9      | Killed Pokonic1's ghost
 10461 | D:9      | Reached skill level 11 in Fighting
 10461 | D:9      | Reached XP level 11. HP: 81/87 MP: 0/0
 10461 | D:9      | Learned a level 5 spell: Fireball
 10472 | D:9      | Gained mutation: You occasionally lose the ability to drink
                  | potions when taking damage. [hidden defects]
 10475 | D:9      | XOM: silly message
 10516 | D:9      | XOM: god gift: scroll labelled UJULUE WUAMULU {god gift}
 10653 | D:11     | Noticed a cyclops
 10658 | D:11     | Killed a cyclops
 10863 | D:11     | XOM: fog
 10869 | D:11     | Found a staircase to the Orcish Mines.
 10870 | D:11     | Noticed Gastronok
 10880 | D:11     | XOM: enchant monster (good)
 10981 | D:11     | Noticed a manticore
 10986 | D:11     | Killed a manticore
 11001 | D:11     | Reached skill level 12 in Fighting
 11284 | D:11     | Noticed a boulder beetle
 11286 | D:11     | XOM: confuse monster(s)
 11293 | D:11     | Killed a boulder beetle
 11364 | D:11     | XOM: 7-stop teleportation journey
 11572 | D:11     | Gained mutation: You sometimes lose the ability to drink
                  | potions when taking damage. [hidden defects]
 11572 | D:11     | Lost mutation: You have hidden genetic defects. [hidden
                  | defects expressed]
 11787 | D:11     | XOM: destruction
 11792 | D:11     | Gastronok changed into Gastronok the shard shrike
 11792 | D:11     | Noticed Gastronok
 11792 | D:11     | XOM: polymorph Gastronok -> Gastronok the shard shrike
 11792 | D:11     | Killed from afar by Gastronok the shard shrike

Illustrated notes

Levels and vault maps discovered:
D:1:      dpeg_arrival_snail, layout_basic, dreamdust_princess_corridor,
          dreamdust_princess_bridge, minmay_misc_feat_more_columns
D:2:      minmay_recursive_quarters, layout_basic, basic_altar,
          chequers_serial_rivers_small_a
D:3:      layout_loops_ring, nicolae_ru_great_annihilating_truth,
          ebering_ghost_sewer_f, serial_shops, nicolae_shop_tiny_statue_garden
D:4:      layout_rooms, mainiacjoe_overflow_tiny_flanked
D:5:      layout_loops_cross, okawaru_ov_weapons_minmay, st_stairs_8,
          uniq_duvessa, uniq_edmund
D:6:      minmay_general_purpose_star, layout_rooms,
          mainiacjoe_overflow_divided_tiny, grunt_temple_overflow_cloverleaf,
          uniq_blork_the_orc
D:7:      layout_basic, minmay_temple_entry_crystal_x, serial_shops, shop
D:8:      layout_cave_pods, serial_park, serial_park_avenue1,
          serial_park_square3 [serial_park_minivault_5x5_1], serial_park_square1
          [serial_park_minivault_5x5_7], serial_park_square2,
          serial_park_square1 [serial_park_minivault_5x5_1],
          nicolae_diode_quadrants
D:9:      layout_basic, nicolae_overflow_hidden_temple, led_sif_pool,
          biasface_ghost_orc_armoury, interstate_on_off, st_stairs_3,
          kennysheep_boxes
D:10:     layout_irregular_city
D:11:     layout_irregular_city, erik_lair_dragon, orc_0_dummy, uniq_gastronok

Skill      XL: |  1  2  3  4  5  6  7  8  9 10 11 |
---------------+----------------------------------+-----
Spellcasting   | 1 2 3 5 6 7 8 |  8.6
Conjurations   | 1 2 3 5 6 7 8 |  8.6
Hexes          | 1 2 3 5 6 7 8 |  8.6
Summonings     | 1 2 3 5 6 7 8 |  8.6
Necromancy     | 1 2 3 5 6 7 8 |  8.6
Translocations | 1 2 3 5 6 7 8 |  8.6
Transmutations | 1 2 3 5 6 7 8 |  8.6
Fire Magic     | 1 2 3 5 6 7 8 |  8.6
Ice Magic      | 1 2 3 5 6 7 8 |  8.6
Air Magic      | 1 2 3 5 6 7 8 |  8.6
Earth Magic    | 1 2 3 5 6 7 8 |  8.6
Poison Magic   | 1 2 3 5 6 7 8 |  8.6
Fighting       | 4 5 6 7 9 11 12 | 12.3
Shields        | 4 5 |  5.0
Long Blades    | |  2.9
Armour         | |  1.4
Dodging        | |  2.5

Action                     |  1- 3 |  4- 6 |  7- 9 | 10-12 || total
---------------------------+-------+-------+-------+-------++-------
  Melee: Falchion          |    30 |       |       |       ||    30
         Dagger            |    67 |   122 |    14 |       ||   203
         Flail             |       |       |     6 |    14 ||    20
   Cast: Shock             |       |   101 |   133 |   178 ||   412
         Ensorcelled Hiber |       |     6 |       |       ||     6
         Inner Flame       |       |       |    55 |    81 ||   136
         Summon Ice Beast  |       |       |     2 |     3 ||     5
         Fireball          |       |       |       |    21 ||    21
  Evoke: Wand              |       |       |       |     6 ||     6
    Use: Scroll            |       |       |       |    12 ||    12
         Potion            |       |       |       |     1 ||     1
   Stab: Paralysed         |     2 |     1 |       |       ||     3
         Sleeping          |     2 |     1 |       |       ||     3
 Armour: Leather armour    |    38 |   137 |    60 |   146 ||   381
  Dodge: Dodged            |    54 |   103 |    22 |    46 ||   225
  Block: Buckler           |       |       |       |    35 ||    35

Table legend: (Time is in decaauts)
 A = Elapsed time spent in this place.
 B = Non-inter-level travel time spent in this place.
 C = Inter-level travel time spent in this place.
 D = Time resting spent in this place.
 E = Time spent auto-exploring this place.
 F = Levels seen in this place.
 G = Mean time per level.
                   A        B        C        D        E       F      G
               +--------+--------+--------+--------+--------+-----+--------+
         Total |  11808 |  11190 |    618 |   2205 |   6988 |  11 | 1073.5 |
       Dungeon |  11808 |  11190 |    618 |   2205 |   6988 |  11 | 1073.5 |
               +--------+--------+--------+--------+--------+-----+--------+

Top non-repeatable levels by time:
     D:9: 2113 daAuts
     D:5: 1203 daAuts
     D:8: 1186 daAuts
    D:11: 1171 daAuts
    D:10: 1123 daAuts
     D:3: 1024 daAuts
     D:1: 989 daAuts
     D:7: 830 daAuts
     D:6: 807 daAuts
     D:2: 750 daAuts
     D:4: 607 daAuts
